 Dungeon Crawl Stone Soup version 0.28.0-1-gb440e238dd (webtiles) character file.

Game seed: 16659941326594622757

15895 Woods the Severer (level 12, 0/106 HPs)
             Began as a Minotaur Fighter on Feb 23, 2022.
             Was a Priest of Yredelemnul.
             Slain by a boulder beetle (20 damage)
             ... on level 12 of the Dungeon.
             The game lasted 00:30:38 (17340 turns).

Woods the Severer (Minotaur Fighter)               Turns: 17340, Time: 00:30:39

Health: 0/106      AC: 14    Str: 21    XL:     12   Next: 5%
Magic:  14/14      EV: 13    Int:  5    God:    Yredelemnul [***...]
Gold:   439        SH:  6    Dex: 15    Spells: 11/11 levels left

rFire   . . .      SeeInvis .   a - +0 war axe
rCold   . . .      Faith    +   c - +0 buckler
rNeg    . . .      Spirit   .   h - +0 plate armour
rPois   .          Reflect  .   (helmet restricted)
rElec   .          Harm     .   A - scarf {repulsion}
rCorr   .          Rampage  .   (no gloves)
Will    .....                   (no boots)
Stlth   ..........              J - amulet of faith
HPRegen 0.27/turn               g - +4 ring of evasion
MPRegen 0.14/turn               (no ring)

@: repel missiles
A: horns 2, retaliatory headbutt
a: Renounce Religion, Recall Undead Harvest, Dark Bargain


You were on level 12 of the Dungeon.
You worshipped Yredelemnul.
Yredelemnul was noncommittal.
You visited 2 branches of the dungeon, and saw 13 of its levels.

You collected 769 gold pieces.
You spent 330 gold pieces at shops.

Inventory:

Hand Weapons
 a - a +0 war axe (weapon)
Missiles
 B - 5 throwing nets (quivered)
Armour
 c - a +0 buckler (worn)
 h - a +0 plate armour (worn)
 i - a +0 cloak
 j - a +0 kite shield
 m - +0 acid dragon scales
 w - a +0 chain mail
 A - a scarf of repulsion (worn)
Jewellery
 g - a +4 ring of evasion (left hand)
 C - a ring of magical power
 I - the ring of Sovereignty {Fire rPois Will++ Int-3 Dex+2}
   (You found it on level 10 of the Dungeon)

   [ring of fire]

   It enhances your fire magic.
   Int:       It affects your intelligence (-3).
   Dex:       It affects your dexterity (+2).
   rF:        It protects you from fire.
   rC:        It makes you vulnerable to cold.
   rPois:     It protects you from poison.
   Will:      It greatly increases your willpower.
 J - an amulet of faith (around neck)
Wands
 s - a wand of charming (5)
 x - a wand of paralysis (12)
 y - a wand of acid (12)
 E - a wand of digging (11)
Scrolls
 e - 4 scrolls of enchant armour
 o - 2 scrolls of teleportation
 p - 2 scrolls of immolation
 r - a scroll of brand weapon
 t - a scroll of magic mapping {unknown}
 D - a scroll of amnesia {unknown}
 F - a scroll of fog {unknown}
 G - 4 scrolls of blinking {unknown}
 H - a scroll of vulnerability {unknown}
 K - a scroll of enchant weapon {unknown}
Potions
 b - 2 potions of flight {unknown}
 d - a potion of haste {unknown}
 f - 3 potions of attraction
 n - 3 potions of brilliance
 q - 2 potions of curing
 u - a potion of mutation {unknown}
 v - a potion of cancellation {unknown}
 z - a potion of might
Miscellaneous
 l - a piece from Xom's chessboard (15/15)


   Skills:
 - Level 10.0 Fighting
 - Level 16.0 Axes
 + Level 9.2 Armour
 - Level 7.0 Dodging
 - Level 8.0 Shields
 - Level 5.0 Invocations


You had 11 spell levels left.
You didn't know any spells.
Your spell library contained the following spells:

 Spells                   Type           Power      Damage    Failure   Level
 Static Discharge         Conj/Air       0%         N/A       100%        2
 Gell's Gravitas          Tloc           0%         N/A       100%        3
 Inner Flame              Hex/Fire       0%         N/A       100%        3
 Lesser Beckoning         Tloc           0%         N/A       100%        3
 Teleport Other           Tloc           0%         N/A       100%        3
 Airstrike                Air            0%         N/A       100%        4
 Cause Fear               Hex            0%         N/A       100%        4
 Dispel Undead            Necr           0%         3d6       100%        4
 Sticky Flame             Conj/Fire      0%         2d3       100%        4
 Summon Lightning Spire   Summ/Air       0%         N/A       100%        4
 Blade Hands              Tmut           0%         N/A       100%        5
 Irradiate                Conj/Tmut      0%         3d13      100%        5
 Lightning Bolt           Conj/Air       0%         1d11      100%        5
 Dragon Form              Tmut           0%         N/A       100%        7
 Discord                  Hex            0%         N/A       100%        8


Dungeon Overview and Level Annotations

Branches:
Dungeon (12/15)            Temple (1/1) D:7            Lair (0/6) D:11
    Orc (0/2) D:10

Altars:
Cheibriados
Dithmenos
Elyvilon
Fedhas
Gozag
Hepliaklqana
Makhleb
Okawaru
Qazlal
Ru
Sif Muna
Uskayaw
Vehumet
Yredelemnul
Zin
The Shining One

Shops:
D:8 !   D:9 (?   D:10 [

Annotations:
D:4 2 runed translucent doors


Innate Abilities, Weirdness & Mutations

You have a pair of horns on your head.
You reflexively headbutt those who attack you in melee.


Message History

The great orb of eyes is severely wounded.
You hit the great orb of eyes but do no damage.
The great orb of eyes is severely wounded.
The great orb of eyes pulsates ominously.
The great orb of eyes bites you!
Your deep elf pyromancer zombie hits the great orb of eyes but does no damage.
You hit the great orb of eyes. You headbutt the great orb of eyes.
The great orb of eyes is severely wounded.
The great orb of eyes bites you but does no damage.
You slash the great orb of eyes!
The great orb of eyes is almost dead.
Your deep elf pyromancer zombie barely misses the great orb of eyes.
The great orb of eyes bites you.
You hit the great orb of eyes.
The great orb of eyes is almost dead.
Your deep elf pyromancer zombie hits the great orb of eyes but does no damage.
You hit the great orb of eyes but do no damage.
You headbutt the great orb of eyes, but do no damage.
The great orb of eyes is almost dead.
The great orb of eyes closely misses you.
You slash the great orb of eyes!
You kill the great orb of eyes!
A black mist starts to gather...
Your Armour skill increases to level 9!
You have reached level 12!
You feel agile.
You swap places.
There is an open door here.
You start resting.
A boulder beetle is nearby!
The boulder beetle leaps!
You swap places.
The boulder beetle curls into a ball and begins rolling!
You swap places.
The boulder beetle hits you!!!
* * * LOW HITPOINT WARNING * * *
The boulder beetle stops rolling and uncurls.
You hit the boulder beetle but do no damage.
The boulder beetle bites you!!
You die...
Your body rises from the dead as a mindless zombie.

###
###.......#######...
...
#.'.....>.........##
#.###.#.......#########
#^.Z#.#..###### #
###.#Z#..# .. #.Z.#..#
###'#####..#
........ZZB#
........Z@.#
############


You could see a boulder beetle (ally target), a friendly spectral slime
creature, a friendly spectral great orb of eyes and a friendly deep elf
pyromancer zombie.

Vanquished Creatures
  A great orb of eyes (D:12)
  3 two-headed ogres
  Pikel (D:5)
  A deep elf pyromancer (D:12)
  4 slime creatures (D:12)
  A manticore (D:11)
  Joseph (D:9)
  2 unseen horrors
  Maggie (D:6)
  4 trolls
  A hornet (D:9)
  Sigmund (D:2)
  8 yaks
  2 wraiths
  Eustachio (D:4)
  A wyvern (D:9)
  A steam dragon (D:10)
  2 vampire mosquitoes (D:11)
  An acid dragon (D:11)
  2 water moccasins
  A sky beast (D:8)
  7 orc warriors
  2 ice beasts
  A hornet zombie (D:8)
  2 black bears
  A necrophage (D:4)
  An ogre (D:4)
  2 wolves (D:9)
  2 centaurs
  4 lemures
  3 bullfrogs
  3 gnoll sergeants
  A wyvern zombie (D:6)
  2 scorpions (D:5)
  A water moccasin skeleton (D:5)
  11 killer bees
  6 wights
  A howler monkey (D:6)
  A bullfrog zombie (D:6)
  4 centaur zombies
  Crazy Yiuf (D:2)
  2 jellies
  5 orc priests
  A bullfrog skeleton (D:5)
  9 hounds
  2 gnoll shamans
  An iron imp (D:6)
  Jessica (D:2)
  A centaur skeleton (D:7)
  An iguana (D:7)
  9 orc wizards
  A killer bee zombie (D:9)
  2 hound skeletons
  29 gnolls
  5 adders
  An ufetubus (D:4)
  An adder skeleton (D:4)
  2 worms
  3 dart slugs
  32 orcs
  7 ball pythons
  A bat (D:2)
  6 endoplasms
  4 giant cockroaches
  6 goblins
  2 hobgoblins
  2 jackals (D:9)
  9 kobolds
  A quokka (D:3)
  A frilled lizard (D:3)
  3 rats
246 creatures vanquished.

Vanquished Creatures (collateral kills)
  An oklob plant (D:11)
  A manticore (D:11)
  A yak (D:11)
  Grum (D:9)
  An orc warrior (D:10)
  A black bear (D:7)
  2 centaurs
  2 gnoll sergeants (D:9)
  A wyvern skeleton (D:5)
  4 killer bees
  An electric eel (D:9)
  2 hounds (D:9)
  An orc priest (D:11)
  A centaur skeleton (D:7)
  A gnoll shaman (D:9)
  An orc wizard (D:9)
  8 gnolls (D:9)
  7 orcs
  A jackal (D:9)
  A plant (D:11)
39 creatures vanquished.

Vanquished Creatures (others)
  A spectral slime creature (D:12)
  A vampire mosquito zombie (D:11)
  A wyvern zombie (D:9)
  A bullfrog zombie (D:9)
  5 killer bee zombies
  2 hound zombies (D:9)
  13 orc zombies
  An electric eel zombie (D:9)
  16 gnoll zombies
  2 jackal zombies (D:9)
  11 plants (D:11)
54 creatures vanquished.

Grand Total: 339 creatures vanquished

Notes
Turn   | Place    | Note
-------+----------+-------------------------------------------
     0 | D:1      | Woods the Minotaur Fighter began the quest for the Orb.
     0 | D:1      | Reached XP level 1. HP: 19/19 MP: 0/0
   184 | D:1      | Reached XP level 2. HP: 27/27 MP: 1/1
   213 | D:1      | Found a faded altar of an unknown god.
   745 | D:2      | Noticed Sigmund
   926 | D:2      | Reached XP level 3. HP: 33/33 MP: 2/2
  1044 | D:2      | Found a runed translucent door.
  1045 | D:2      | Noticed Crazy Yiuf
  1053 | D:2      | Paralysed by Crazy Yiuf for 2 turns
  1062 | D:2      | Killed Crazy Yiuf
  1063 | D:2      | Reached skill level 3 in Axes
  1063 | D:2      | Reached XP level 4. HP: 9/41 MP: 3/3
  1475 | D:2      | Killed Sigmund
  1476 | D:2      | Reached skill level 4 in Axes
  1476 | D:2      | Reached skill level 5 in Armour
  1476 | D:2      | Reached skill level 1 in Dodging
  1476 | D:2      | Reached XP level 5. HP: 38/47 MP: 4/4
  1551 | D:2      | Noticed Jessica
  1554 | D:2      | Killed Jessica
  1722 | D:2      | Reached XP level 6. HP: 55/55 MP: 5/5
  2579 | D:3      | Found a white marble altar of Elyvilon.
  2763 | D:4      | Reached skill level 5 in Axes
  2797 | D:4      | Reached skill level 6 in Axes
  2874 | D:4      | Found a hazy altar of Hepliaklqana.
  2901 | D:4      | Found a radiant altar of Vehumet.
  2970 | D:4      | Found a shadowy altar of Dithmenos.
  3014 | D:4      | Found a large runed translucent door.
  3015 | D:4      | Found a large runed translucent door.
  3486 | D:5      | Entered Level 5 of the Dungeon
  3486 | D:5      | Noticed Eustachio
  3587 | D:4      | Killed Eustachio
  3588 | D:4      | Reached skill level 7 in Axes
  3588 | D:4      | Reached XP level 7. HP: 55/60 MP: 6/6
  3650 | D:5      | Noticed Pikel
  3662 | D:4      | Reached skill level 8 in Axes
  4201 | D:5      | Reached skill level 9 in Axes
  4223 | D:5      | Found a hide-covered altar of Uskayaw.
  4258 | D:5      | Killed Pikel
  4259 | D:5      | Reached skill level 11 in Axes
  4259 | D:5      | Reached XP level 8. HP: 41/67 MP: 7/7
  4396 | D:5      | Found a basalt altar of Yredelemnul.
  4523 | D:5      | You fall into a shaft and drop 1 floor!
  4549 | D:6      | Noticed Maggie
  4574 | D:6      | Killed Maggie
  4575 | D:6      | Reached skill level 12 in Axes
  4915 | D:6      | Reached XP level 9. HP: 73/73 MP: 8/8
  4955 | D:6      | Found a snail-covered altar of Cheibriados.
  5052 | D:5      | Became a worshipper of Yredelemnul the Dark
  5433 | D:6      | Reached * piety under Yredelemnul
  5434 | D:6      | Reached skill level 13 in Axes
  5484 | D:6      | Found a glowing golden altar of the Shining One.
  6265 | D:7      | Found a staircase to the Ecumenical Temple.
  6313 | D:7      | Found a shimmering blue altar of Sif Muna.
  6491 | D:7      | Reached skill level 14 in Axes
  6715 | D:7      | Reached ** piety under Yredelemnul
  7047 | Temple   | Entered the Ecumenical Temple
  7705 | D:8      | Reached skill level 15 in Axes
  7802 | D:8      | Noticed a two-headed ogre
  8933 | D:8      | Reached XP level 10. HP: 70/80 MP: 9/9
  9043 | D:8      | Found Awnugini's Distillery.
  9046 | D:8      | Bought a potion of curing for 45 gold pieces
  9046 | D:8      | Bought a potion of might for 60 gold pieces
  9046 | D:8      | Bought 2 potions of curing for 90 gold pieces
  9210 | D:9      | Reached skill level 16 in Axes
  9211 | D:9      | Reached skill level 5 in Fighting
  9212 | D:9      | Found Jieron's Magic Scroll Boutique.
  9309 | D:9      | Bought a scroll of identify for 30 gold pieces
  9309 | D:9      | Bought a scroll of teleportation for 45 gold pieces
  9309 | D:9      | Bought a scroll of identify for 30 gold pieces
  9309 | D:9      | Bought a scroll of identify for 30 gold pieces
  9333 | D:9      | Reached *** piety under Yredelemnul
  9336 | D:9      | Reached skill level 1 in Invocations
  9373 | D:9      | Noticed a five-headed hydra
 10136 | D:9      | Noticed Grum
 10144 | D:9      | Killed Grum
 10688 | D:9      | Found Sebiesk's Weapon Shoppe.
 10905 | D:9      | Your ally Grum died
 11092 | D:9      | Noticed Joseph
 11385 | D:9      | Killed Joseph
 11726 | D:9      | Noticed a two-headed ogre
 11744 | D:9      | Killed a two-headed ogre
 11745 | D:9      | Reached skill level 5 in Dodging
 12017 | D:9      | Found a stormy altar of Qazlal.
 12054 | D:10     | Entered Level 10 of the Dungeon
 12067 | D:10     | Reached XP level 11. HP: 41/94 MP: 13/13
 12342 | D:10     | Reached skill level 5 in Invocations
 12824 | D:10     | Found a sacrificial altar of Ru.
 12917 | D:10     | Reached **** piety under Yredelemnul
 12923 | D:10     | Noticed a two-headed ogre
 12928 | D:10     | Killed a two-headed ogre
 12928 | D:10     | Reached ***** piety under Yredelemnul
 13313 | D:10     | Found Puyk's Armour Shoppe.
 13313 | D:10     | Found a staircase to the Orcish Mines.
 13349 | D:10     | Reached ****** piety under Yredelemnul
 13542 | D:10     | Identified the ring of Sovereignty {Fire rPois Will++ Int-3
                  | Dex+2}
 14084 | D:11     | Noticed an oklob plant
 14437 | D:11     | Reached skill level 10 in Fighting
 14471 | D:11     | Reached skill level 5 in Shields
 15089 | D:11     | Found a staircase to the Lair.
 15470 | D:11     | Killed an oklob plant
 15815 | D:12     | Noticed a two-headed ogre
 15825 | D:12     | Killed a two-headed ogre
 16686 | D:12     | Noticed a centaur warrior
 16686 | D:12     | Noticed a centaur warrior
 16693 | D:12     | Noticed a boulder beetle
 17210 | D:12     | Noticed a deep elf pyromancer
 17224 | D:12     | Killed a deep elf pyromancer
 17276 | D:12     | Noticed a great orb of eyes
 17297 | D:12     | Killed a great orb of eyes
 17298 | D:12     | Reached XP level 12. HP: 58/106 MP: 14/14
 17340 | D:12     | Slain by a boulder beetle

Illustrated notes

Levels and vault maps discovered:
D:1:      wander_arrival_lonely_grave, layout_basic, basic_ecumenical_altar,
          minmay_pentomino_o2
D:2:      layout_rooms, kennysheep_boxes, uniq_crazy_yiuf_cottage, uniq_sigmund,
          uniq_jessica
D:3:      wander_river, layout_loops_corners, overflow_temple_1_default,
          grunt_ministairs_6
D:4:      layout_gridville, mainiacjoe_overflow_concentric_impassable,
          mainiacjoe_overflow_brackets, nzn_hepliaklqana_mist_gate,
          jmf_multi_god_temple2
D:5:      layout_basic, lemuel_doored_altar, mainiacjoe_overflow_cross_hatched,
          kennysheep_nub, kennysheep_donut, hangedman_abyss_or_decor_stabs,
          uniq_pikel, uniq_eustachio
D:6:      layout_basic, chei_slow_surprise, kennysheep_little_box, uniq_maggie
D:7:      layout_loops_cross, kennysheep_mini_moat,
          minmay_temple_entry_proselytizer, abandoned_shop
D:8:      layout_rooms, serial_curves, eino_curves_02, eino_curves_02,
          serial_shops, kennysheep_mini, minmay_checkerbox
D:9:      layout_big_octagon, nicolae_overflow_hidden_temple, serial_gnoll_camp,
          gnoll_camp_mini_shop, grums_kennel, gnoll_camp_mini_house,
          gnoll_camp_huts_moat, serial_shops,
          nicolae_shop_competitors_out_of_business, uniq_joseph
D:10:     layout_basic, marbit_many_paths, orc_david_3, uniq_grum
D:11:     layout_cave_pods, dpeg_oklobed_lair
D:12:     layout_roguey, minmay_the_grid_2x2 [minmay_the_grid_zigzag_pyramid,
          minmay_the_grid_paths, minmay_the_grid_spin_star,
          minmay_the_grid_prize_four_corners_diamond_a]
Temple:   compressed_dpeg_triangle_lava_temple

Skill      XL: |  1  2  3  4  5  6  7  8  9 10 11 |
---------------+----------------------------------+-----
Fighting       | 4 7 10 | 10.0
Armour         | 4 5 9 |  9.2
Shields        | 4 8 |  8.0
Axes           | 3 4 7 11 12 15 16 | 16.0
Dodging        | 1 5 7 |  7.0
Invocations    | 4 5 |  5.0

Action                   |  1- 3 |  4- 6 |  7- 9 | 10-12 || total
-------------------------+-------+-------+-------+-------++-------
Melee: War axe           |    48 |   100 |   250 |   473 ||   871
       Headbutt          |     7 |    13 |    59 |   109 ||   188
Invok: Recall Undead Har |       |       |     2 |    12 ||    14
       Dark Bargain      |       |       |     1 |       ||     1
Evoke: Wand              |       |       |       |     1 ||     1
  Use: Potion            |       |     1 |     3 |     5 ||     9
       Scroll            |       |     1 |     3 |    11 ||    15
 Stab: Distracted        |       |       |       |     5 ||     5
Armor: Scale mail        |    22 |    20 |    26 |       ||    68
       Chain mail        |       |       |    48 |    88 ||   136
       Plate armour      |       |       |       |    57 ||    57
Dodge: Dodged            |    35 |    58 |   120 |   246 ||   459
       Repelled          |       |       |       |     1 ||     1
Block: Buckler           |     9 |    31 |    53 |   113 ||   206
